 Dungeon Crawl Stone Soup version 0.23-a0-650-ga4d50d4 (webtiles) character file.

37 zishaf the Sneak (level 3, -5/18 HPs)
             Began as a Vine Stalker Assassin on Jan 3, 2019.
             Killed by divine providence
             ... invoked by an orc priest
              (13 damage)
             ... on level 2 of the Dungeon.
             The game lasted 00:02:06 (1193 turns).

zishaf the Sneak (Vine Stalker Assassin)            Turns: 1193, Time: 00:02:07

Health: -5/18      AC:  4    Str: 14    XL:     3   Next: 39%
Magic:  0/4        EV: 12    Int: 11    God:
Gold:   31         SH:  0    Dex: 15    Spells: 2/2 levels left

rFire    . . .     SeeInvis .   a - +2 dagger
rCold    . . .     Gourm    .   (no shield)
rNeg     . . .     Faith    .   c - +0 robe
rPois    .         Spirit   +   (no helmet)
rElec    .         Reflect  .   d - +0 cloak
rCorr    .         Harm     .   h - +0 pair of gloves
MR       .....                  (no boots)
Stlth    +++.......             (no amulet)
HPRegen  0.06/turn              (no ring)
MPRegen  0.09/turn              (no ring)

@: no status effects
A: fangs 2, magic shield, antimagic bite, no potion heal 3, rot immunity
a: no special abilities


You were on level 2 of the Dungeon.
You were not hungry.

You visited 1 branch of the dungeon, and saw 2 of its levels.

You collected 31 gold pieces.

Inventory:

Hand Weapons
 a - a +2 dagger (weapon)
 b - a +0 blowgun
Missiles
 e - 8 poisoned needles
 f - 2 curare-tipped needles
Armour
 c - a +0 robe (worn)
 d - a +0 cloak (worn)
 h - a +0 pair of gloves (worn)
Potions
 i - a potion of flight {unknown}
Comestibles
 g - 3 rations


   Skills:
 + Level 2.2 Fighting
 + Level 2.2 Short Blades
 - Level 2.0 Throwing
 + Level 0.8 Armour
 - Level 1.0 Dodging
 - Level 5.0 Stealth


You had 2 spell levels left.
You didn't know any spells.
Your spell library was empty.

Dungeon Overview and Level Annotations

Branches:
Dungeon (2/15)

Altars:


Innate Abilities, Weirdness & Mutations

You have extremely sharp teeth.
When hurt, damage is shared between your health and your magic reserves.
Your bite disrupts and absorbs the magic of your enemies.
Potions cannot restore your health.
You are immune to rotting.


Message History

You closely miss the giant cockroach. Your bite misses the giant cockroach.
The giant cockroach barely misses you.
You hit the giant cockroach but do no damage.
Your bite misses the giant cockroach.
The giant cockroach bites you but does no damage.
The orc wizard gestures wildly while chanting.
The orc wizard blinks!
You closely miss the giant cockroach. Your bite misses the giant cockroach.
The orc priest invokes the aid of Beogh against you.
Beogh smites you!
Ouch! That really hurt!
The giant cockroach bites you but does no damage.
You are too injured to fight recklessly!
You are too injured to fight recklessly!
The giant cockroach completely misses you.
The giant cockroach bites you but does no damage.
The orc priest invokes the aid of Beogh against you.
Beogh smites you!
Ouch! That really hurt!
You die...

##### #...# #.#.##
#....### ###..)<#
######### ##@###
........# #.#
.)...s..# #s#
........# #o#
...w...o########.#####
.......o..w†oo.o..>..#
....############.###.#
....# ####.# #.# $...#
#....# #.#######


You could see an orc priest, an orc and a giant cockroach.

Vanquished Creatures
  2 dart slugs (D:1)
  2 leopard geckos (D:1)
  An orc (D:2)
  A giant cockroach (D:1)
  5 goblins (D:1)
  3 hobgoblins
  7 bats
  2 kobolds
  5 rats
28 creatures vanquished.

Notes
Turn   | Place    | Note
-------+----------+-------------------------------------------
     0 | D:1      | zishaf the Vine Stalker Assassin began the quest for the
                  | Orb.
     0 | D:1      | Reached XP level 1. HP: 11/11 MP: 2/2
   186 | D:1      | Reached skill level 1 in Dodging
   186 | D:1      | Reached XP level 2. HP: 14/15 MP: 3/3
   198 | D:1      | Reached skill level 5 in Stealth
   514 | D:1      | Reached XP level 3. HP: 15/18 MP: 1/4
  1193 | D:2      | Killed from afar by an orc priest

Vault maps used:
D:1:      dpeg_arrival_court
D:2:      uniq_terence

Skill      XL: |  1  2 |
---------------+-------+-----
Dodging        | 1 |  1.0
Stealth        | 5 |  5.0
Throwing       | 2 |  2.0
Fighting       | 2 |  2.2
Short Blades   | 2 |  2.2
Armour         | |  0.8

Action                   || total
-------------------------++-------
Melee: Dagger            ||    67
       Bite              ||    18
 Stab: Sleeping          ||    10
  Eat: Chunk             ||     1
Armor: Robe              ||    14
Dodge: Dodged            ||    36

Table legend:
 A = Non-vault XP
 B = Vault XP
 C = Vault XP percentage of total XP
 D = Non-vault monster count
 E = Vault monster count
 F = Vault count percentage of total count
                 A         B        C        D         E       F
            +---------+---------+-------+---------+---------+-------
      Total |      53 |       0 |   0.0 |      28 |       0 |   0.0
            +---------+---------+-------+---------+---------+-------
        D:1 |      43 |       0 |   0.0 |      23 |       0 |   0.0
        D:2 |      10 |       0 |   0.0 |       5 |       0 |   0.0
            +---------+---------+-------+---------+---------+-------
